 Dungeon Crawl Stone Soup version 0.16.1-51-g6203257 (webtiles) character file.

157 Peronor the Ruffian (level 5, -2/46 HPs)
             Began as a Draconian Monk on July 22, 2015.
             Was a Priest of Dithmenos.
             Slain by krupnik16's ghost (5 damage)
             ... on level 4 of the Dungeon.
             The game lasted 00:14:09 (4217 turns).

Peronor the Ruffian (Draconian Monk)                Turns: 4217, Time: 00:14:12

Health: -2/46      AC:  9    Str: 15    XL:     5   Next: 15%
Magic:  5/5        EV: 13    Int: 10    God:    Dithmenos [***...]
Gold:   147        SH:  0    Dex: 13    Spells: 0 memorised, 4 levels left

rFire  . . .     SeeInvis .     f - +1 dagger
rCold  . . .     Clarity  .     (armour unavailable)
rNeg   . . .     SustAb   .     (no shield)
rPois  .         Gourm    .     (helmet restricted)
rElec  .         Spirit   .     (no cloak)
rCorr  .         Warding  .     (no gloves)
rMut   .         Stasis   .     (no boots)
MR     .....                    (no amulet)
Stlth  +.........               (no ring)
                                g - +4 ring of protection

@: wreathed by umbra, not resistant to hostile enchantments, very unstealthy
A: unfitting armour, cold-blooded, AC +5
a: Shadow Step, Renounce Religion


You were on level 4 of the Dungeon.
You worshipped Dithmenos.
Dithmenos was most pleased with you.
You were not hungry.

You visited 1 branch of the dungeon, and saw 4 of its levels.

You collected 147 gold pieces.

Inventory:

Hand weapons
 f - a +1 dagger (weapon)
Jewellery
 g - a +4 ring of protection (left hand)
Scrolls
 b - 2 scrolls of remove curse
 d - a scroll of enchant armour
 h - a scroll of teleportation
 i - a scroll of identify
Potions
 j - a potion of restore abilities
Comestibles
 a - a meat ration
 c - 3 bread rations


   Skills:
 + Level 4.1 Fighting
 + Level 1.0 Short Blades
 + Level 3.9 Dodging
 + Level 2.3 Stealth
 + Level 4.7 Unarmed Combat


You had 4 spell levels left.
You didn't know any spells.

Dungeon Overview and Level Annotations

Branches:
Dungeon (4/15)
 Temple: D:4-7

Altars:
Dithmenos
Elyvilon
Nemelex Xobeh
Sif Muna
Trog

Annotations:
D:4 Natasha; krupnik16's ghost, average HOFi


Innate Abilities, Weirdness & Mutations

Your plain brown scales are hard (AC +5).
Your body does not fit into most forms of armour.
Your cold-blooded metabolism reacts poorly to cold.


Message History

The white imp disappears in a puff of smoke!
The iron imp disappears in a puff of smoke!
Natasha stares at you and mumbles some strange words.
The magic dart hits you! The white imp closely misses you.
Krupnik16's ghost barely misses you. Natasha closely misses you.
The white imp misses you. Krupnik16's ghost barely misses you.
Natasha claws you but does no damage.
The white imp disappears in a puff of smoke!
Krupnik16's ghost misses you. Natasha casts a spell at you.
The magic dart hits you!
* * * LOW HITPOINT WARNING * * *
An orc comes into view.
You feel yourself speed up.
Natasha mumbles some strange words.
Krupnik16's ghost whispers, "Everlasting silence awaits you..."
Krupnik16's ghost hits you!
* * * LOW HITPOINT WARNING * * *
Krupnik16's ghost burns you.
You die...

#...$....(.###.......#
##.###..((## #.......#
###o###..#.# #.......#
##≈≈.≈≈####.#
##......# #≈≈≈.≈≈≈#
#.# ##...#.# #≈≈...≈≈#
#.# #####.# #≈≈.§.§5#
#.# #.# #≈≈...h≈# #.#
#.. #≈≈≈≈≈W@# ..# ...
##≈≈≈≈≈## #######


You could see Natasha, krupnik16's ghost, a crimson imp and an orc.

Vanquished Creatures
  An iguana (D:4)
  2 adders (D:2)
  5 worms
  5 giant geckos
  5 giant cockroaches
  9 hobgoblins
  12 jackals
  3 quokkas (D:2)
  8 bats
  6 giant newts
  8 goblins
  8 kobolds
  5 rats
77 creatures vanquished.

Notes
Turn   | Place    | Note
--------------------------------------------------------------
     0 | D:1      | Peronor, the Draconian Monk, began the quest for the Orb.
     0 | D:1      | Reached XP level 1. HP: 19/19 MP: 1/1
   244 | D:1      | Reached XP level 2. HP: 24/26 MP: 2/2
  1218 | D:2      | Found a bloodstained altar of Trog.
  1257 | D:2      | Reached XP level 3. HP: 17/33 MP: 3/3
  1356 | D:2      | Found a shadowy altar of Dithmenos.
  1361 | D:2      | Found a white marble altar of Elyvilon.
  1393 | D:2      | Became a worshipper of Dithmenos the Shadowed
  1393 | D:2      | Acquired Dithmenos' first power
  1756 | D:2      | Reached XP level 4. HP: 21/40 MP: 4/4
  3952 | D:4      | Found a sparkling altar of Nemelex Xobeh.
  3972 | D:4      | Noticed an ogre
  4015 | D:4      | Reached skill level 1 in Short Blades
  4015 | D:4      | Reached XP level 5. HP: 24/46 MP: 5/5
  4191 | D:4      | Noticed krupnik16's ghost (average HOFi)
  4193 | D:4      | Acquired Dithmenos' second power
  4197 | D:4      | Noticed Natasha
  4204 | D:4      | Found a deep blue altar of Sif Muna.
  4217 | D:4      | Slain by krupnik16's ghost

Action                   |  1- 3 |  4- 6 || total
-------------------------+-------+-------++-------
Melee: Unarmed           |    58 |       ||    58
       Dagger            |   101 |   190 ||   291
  Use: Scroll            |     6 |     2 ||     8
       Potion            |     6 |     1 ||     7
 Stab: Sleeping          |     3 |     1 ||     4
  Eat: Bread ration      |     1 |       ||     1
       Meat ration       |       |     2 ||     2
